Map: Blackburn LE

Players

Denver

  • Race: Zerg Zerg
  • League: Master

goblin - Winner!

  • Race: Protoss Protoss
  • League: Master

Event: DreamHack SC2 Masters 2021 Summer

VOD

Have the link to the VOD?

Description

Time

  • Played on: May 30, 2021, 1:17 p.m.
  • Length: 11:57

All games in this series

Show
View Real Time Build Order
Export as new Build Order

Denver Zerg 

Build Orders: Hatch First 

Get SALT Encoding   

  12  0:00  Drone  
  13  0:12  Overlord  
  13  0:17  Drone  
  14  0:31  Drone x2  
  16  0:51  Hatchery  
  16  0:52  Drone  
  16  0:56  Drone  
  17  1:00  Drone  
  18  1:11  Extractor  
  17  1:16  Spawning Pool  
  16  1:19  Drone  
  16  1:22  Drone  
  18  1:30  Drone  
  19  1:38  Drone  
  20  1:49  Overlord  
  20  2:02  Queen x2  
  20  2:03  Zergling x4  
  26  2:11  Metabolic Boost  
  26  2:13  Drone  
  27  2:15  Drone  
  29  2:22  Drone  
  29  2:25  Drone  
  30  2:40  Hatchery  
  30  2:41  Drone  
  30  2:43  Drone  
  31  2:48  Overlord  
  31  2:53  Drone  
  31  2:56  Drone  
  33  3:01  Queen  
  35  3:08  Drone  
  35  3:09  Drone x2  
  37  3:16  Lair  
  37  3:20  Zergling x2  
  37  3:22  Zergling x2  
  37  3:23  Drone  
  37  3:25  Drone  
  41  3:30  Overlord  
  41  3:33  Drone  
  41  3:34  Drone  
  43  3:38  Spore Crawler  
  42  3:42  Overlord  
  42  3:48  Overlord  
  42  3:53  Pneumatized Carapace  
  42  3:55  Queen  
  42  3:58  Drone  
  42  4:01  Overlord  
  42  4:02  Zergling x4  
  47  4:08  Zergling x8  
  50  4:20  Zergling x2  
  50  4:21  Zergling x8  
  55  4:28  Queen  
  55  4:31  Overlord  
  57  4:36  Zergling x6  
  58  4:45  Zergling x10  
  59  4:55  Drone x2  
  59  4:57  Spore Crawler  
  59  4:59  Zergling x8  
  61  5:10  Queen  
  59  5:15  Drone x3  
Show
View Real Time Build Order
Export as new Build Order

goblin Protoss - Winner!

Build Orders: 1 Gate Expand, Oracle Opening 

Get SALT Encoding   

  12  0:00  Probe  
  13  0:12  Probe  
  14  0:18  Pylon  
  14  0:24  Probe  
  15  0:36  Probe (Chrono Boost)  
  15  0:41  Gateway  
  16  0:46  Probe (Chrono Boost)  
  17  0:50  Assimilator  
  17  0:51  Probe (Chrono Boost)  
  18  1:03  Probe  
  19  1:15  Probe  
  20  1:26  Nexus  
  20  1:37  Cybernetics Core  
  20  1:38  Probe  
  21  1:42  Assimilator  
  21  1:50  Probe  
  21  1:53  Pylon  
  22  2:02  Probe (Chrono Boost)  
  23  2:10  Adept (Chrono Boost)  
  23  2:14  Probe (Chrono Boost)  
  26  2:19  Probe (Chrono Boost)  
  27  2:22  Stargate  
  28  2:30  Probe (Chrono Boost)  
  28  2:33  Stalker  
  30  2:38  Probe (Chrono Boost)  
  30  2:39  Warp Gate  
  32  2:47  Probe (Chrono Boost)  
  32  2:48  Probe (Chrono Boost)  
  33  2:53  Probe x2 (Chrono Boost)  
  35  2:59  Void Ray (Chrono Boost)  
  35  3:05  Probe x2  
  41  3:17  Probe x2  
  41  3:19  Assimilator  
  43  3:21  Pylon, Assimilator  
  43  3:29  Probe, Gateway  
  43  3:31  Probe  
  45  3:35  Pylon  
  45  3:41  Probe (Chrono Boost), Oracle  
  50  3:50  Probe (Chrono Boost)  
  50  3:52  Probe (Chrono Boost)  
  51  3:56  Stargate  
  51  3:57  Probe x2 (Chrono Boost)  
  51  4:01  Pylon  
  53  4:07  Probe  
  54  4:10  Probe  
  54  4:12  Void Ray (Chrono Boost)  
  55  4:19  Probe, Pylon  
  60  4:24  Robotics Facility  
  60  4:31  Zealot  
  60  4:33  Void Ray (Chrono Boost)  
  60  4:36  Probe x2  
  60  4:37  Shield Battery  
  64  4:43  Adept  
  66  4:48  Pylon  
  66  4:50  Void Ray (Chrono Boost), Shield Battery  
  64  4:59  Shield Battery  
  68  5:07  Sentry  
  68  5:08  Void Ray  
  68  5:09  Gateway  
Tags
 
Add a new tag
Caveats
  • Supply blocks, unpowered buildings, or Contaminate may cause inaccurate times.
  • Supply counts are checked every 10 seconds.